 Dungeon Crawl Stone Soup version 0.23.2-1-ga50397a (webtiles) character file.

Game seed: 8661064314563567841

198 Fang the Skirmisher (level 5, 0/51 HPs)
             Began as a Gargoyle Berserker on Apr 25, 2019.
             Was a Priest of Trog.
             Slain by an orc (3 damage)
             ... on level 3 of the Dungeon.
             The game lasted 00:04:06 (2316 turns).

Fang the Skirmisher (Gargoyle Berserker)            Turns: 2316, Time: 00:04:07

Health: 0/51       AC:  6    Str: 26    XL:     5   Next: 76%
Magic:  5/5        EV: 12    Int:  8    God:    Trog [***...]
Gold:   186        SH:  3    Dex:  9    Spells: 4/4 levels left

rFire    . . .     SeeInvis .   a - +0 war axe
rCold    . . .     Gourm    .   (no shield)
rNeg     + . .     Faith    .   b - +0 animal skin
rPois    ∞         Spirit   .   (no helmet)
rElec    +         Reflect  +   i - scarf {cloud immunity}
rCorr    .         Harm     .   (no gloves)
MR       .....                  (no boots)
Stlth    ..........             h - +3 amulet of reflection
HPRegen  0.17/turn              p - ring of attention (curse)
MPRegen  0.09/turn              (no ring)

@: berserking (expiring), very quick
A: negative energy resistance 1, electricity resistance, unbreathing,
petrification resistance, rot immunity, AC +4
a: Berserk, Trog's Hand, Renounce Religion


You were on level 3 of the Dungeon.
You worshipped Trog.
Trog was most pleased with you.
You were hungry.

You visited 1 branch of the dungeon, and saw 3 of its levels.

You collected 186 gold pieces.

Inventory:

Hand Weapons
 a - a +0 war axe (weapon)
Armour
 b - a +0 animal skin (worn)
 i - a scarf of cloud immunity (worn)
Jewellery
 h - a +3 amulet of reflection (around neck)
 p - a cursed ring of attention (left hand)
Scrolls
 e - 6 scrolls of identify {unknown}
 f - 3 scrolls of remove curse {unknown}
 g - a scroll of enchant weapon {unknown}
 k - a scroll of random uselessness {unknown}
 l - 2 scrolls of teleportation {unknown}
 m - a scroll of immolation {unknown}
 n - a scroll of magic mapping {unknown}
Potions
 j - a potion of haste {unknown}
 o - a potion of curing {unknown}
Comestibles
 c - 4 rations


   Skills:
 + Level 4.4 Fighting
 + Level 3.7 Axes
 + Level 3.6 Armour
 + Level 2.6 Dodging


You had 4 spell levels left.
You didn't know any spells.
Your spell library was empty.

Dungeon Overview and Level Annotations

Branches:
Dungeon (3/15)

Altars:


Innate Abilities, Weirdness & Mutations

You are resistant to torment.
Your stone body is resilient. (AC +4)
You are immune to poison.
You resist negative energy. (rN+)
You are resistant to electric shocks. (rElec)
You can survive without breathing.
You are immune to petrification.
You are immune to rotting.


Message History

The orc wizard gestures wildly while chanting.
The orc wizard blinks!
The orc hits you from afar with a +2 trident of piercing.
* * * LOW HITPOINT WARNING * * *
x2 The adder closely misses you.
You slice the adder!!
You kill the adder!
Trog accepts your kill. The orc misses you.
The orc wizard gestures wildly while chanting.
The orc wizard blinks!
You completely miss the orc. The orc closely misses you.
The orc hits you from afar with a +2 trident of piercing.
* * * LOW HITPOINT WARNING * * *
x2 You see here a frilled lizard corpse.
You feel a strong urge to attack something.
The orc hits you with a +2 trident of piercing.
* * * LOW HITPOINT WARNING * * *
x2 The orc hits you.
You die...

.................# #.####
#............#..########.##
#.........................#
#...............########..#
#......).......########).###
#.#..[))..o.....S........<..
#.....##†###..##.##....###
#.##)##8o8## ###..# #
#.....##†@o# #..# #
####.#.##.......#####..# #
#.#.###..>..###.....###
#.#.####8.8##..........
#......#####.#...##.##.
####.#### #.#.....##.##.
#.###.....# #.##......:..#
#......#..#####.##....##..##
...###.#.#.)......<.......##


You could see an orc wizard and 2 orcs.

Vanquished Creatures
  A crimson imp (D:3)
  An orc priest (D:3)
  5 adders
  An ooze (D:2)
  2 worms (D:2)
  2 dart slugs (D:1)
  2 leopard geckos
  6 orcs (D:3)
  2 ball pythons (D:1)
  9 bats
  2 giant cockroaches
  11 goblins
  8 hobgoblins
  4 frilled lizards
  6 kobolds
  11 rats
73 creatures vanquished.

Notes
Turn   | Place    | Note
-------+----------+-------------------------------------------
     0 | D:1      | Fang the Gargoyle Berserker began the quest for the Orb.
     0 | D:1      | Reached XP level 1. HP: 14/14 MP: 1/1
   301 | D:1      | Reached XP level 2. HP: 16/19 MP: 2/2
   412 | D:1      | Reached ** piety under Trog
   412 | D:1      | Reached XP level 3. HP: 15/23 MP: 3/3
  1128 | D:2      | Reached XP level 4. HP: 28/29 MP: 4/4
  1224 | D:2      | Reached skill level 4 in Fighting
  1772 | D:3      | Reached XP level 5. HP: 26/33 MP: 5/5
  2021 | D:3      | Reached *** piety under Trog
  2316 | D:3      | Slain by an orc

Skill      XL: |  1  2  3  4 |
---------------+-------------+-----
Axes           | 3 |  3.7
Dodging        | 2 |  2.6
Armour         | 3 |  3.6
Fighting       | 4 |  4.4

Action                   |  1- 3 |  4- 6 || total
-------------------------+-------+-------++-------
Melee: Hand axe          |   116 |    69 ||   185
       War axe           |       |    53 ||    53
Invok: Berserk           |       |     1 ||     1
  Eat: Chunk             |     1 |     4 ||     5
Armor: Animal skin       |    41 |    38 ||    79
Dodge: Dodged            |    76 |   118 ||   194
Block: Other             |     2 |    21 ||    23
       Reflection        |       |     1 ||     1
